 Dungeon Sprint DCSS version 0.30-a0-451-ge042605de7 (webtiles) character file.

Game seed: 6243656657890090703

6 rocky1 the Trooper (level 1, -6/24 HPs)
             Began as an Ogre Warper on Dec 12, 2022.
             Was a Follower of Cheibriados.
             Mangled by Pikel
             ... wielding a +1 whip of freezing
              (11 damage)
             ... in the Dungeon (Sprint VII: "The Pits").
             The game lasted 00:01:33 (218 turns).

rocky1 the Trooper (Ogre Warper)                     Turns: 218, Time: 00:01:34

Health: -6/24      AC:  3    Str: 17    XL:     1   Next: 90%
Magic:  4/4        EV: 10    Int: 17    God:    Cheibriados [*.....]
Gold:   0          SH:  0    Dex: 11    Spells: 5/5 levels left

rFire   . . .      SeeInvis .    j - +2 mace (holy)
rCold   . . .      Faith    .    (no shield)
rNeg    . . .      Spirit   .    b - +0 robe
rPois   .          Reflect  .    (helmet restricted)
rElec   .          Harm     .    (no cloak)
rCorr   .          Rampage  .    (gloves unavailable)
Will    .....      NoTele   +    (boots unavailable)
Stlth   +.........               (no amulet)
HPRegen 0.24/turn                (no ring)
MPRegen 0.09/turn                (no ring)

@: on berserk cooldown, slowed, invisible, very slow
A: large, unfitting armour, tough skin 1
a: Renounce Religion, Bend Time


You were in the Dungeon.
You worshipped Cheibriados.
Cheibriados was aware of your devotion.
You visited 1 branch

Inventory:

Hand Weapons
 a - a +0 mace
 j - a +2 mace of holy wrath (weapon)
Missiles
 d - 7 boomerangs of dispersal (quivered)
Armour
 b - a +0 robe (worn)
Scrolls
 c - 2 scrolls of blinking
 l - 5 scrolls of amnesia
 m - a scroll of butterflies
Potions
 g - a potion of haste
 h - 4 potions of magic
 i - 2 potions of berserk rage
 k - a potion of invisibility


   Skills:
 + Level 3.7 Fighting
 * Level 2.0 Maces & Flails
 - Level 1.0 Throwing
 - Level 2.2 Dodging
 + Level 2.6 Spellcasting
 + Level 3.5 Translocations
 + Level 0.2 Invocations


You had 5 spell levels left.
You didn't know any spells.
Your spell library contained the following spells:

 Spells                   Type           Power      Damage    Failure   Level
 Blink                    Tloc           28%        N/A       7%          2
 Lesser Beckoning         Tloc           28%        N/A       13%         3
 Teleport Other           Tloc           14%        N/A       13%         3
 Vhi's Electric Charge    Tloc/Air       16%        N/A       26%         3
 Manifold Assault         Tloc           14%        N/A       41%         4


Dungeon Overview and Level Annotations

Branches:
Dungeon (1/1)

Altars:
Ashenzari
Cheibriados
Dithmenos
Elyvilon
Fedhas
Gozag
Hepliaklqana
Kikubaaqudgha
Makhleb
Nemelex Xobeh
Okawaru
Qazlal
Ru
Sif Muna
Trog
Uskayaw
Vehumet
Wu Jian
Xom
Yredelemnul
Zin
The Shining One
Jiyva
Lugonu

Annotations:
D Pikel


Innate Abilities, Weirdness & Mutations

You are too large for most types of armour.
You have tough skin. (AC +1)


Message History

You barely miss the lemure. The lemure hits you.
The lemure completely misses you.
You thump the lemure!
The lemure convulses!!
You kill the lemure!
That felt strangely unrewarding.
You barely miss the lemure. The lemure hits you!
You closely miss the lemure. The lemure hits you. The lemure barely misses you.
You sock the lemure!
The lemure convulses!
The lemure is heavily wounded.
The lemure hits you.
You sock the lemure!
The lemure convulses!
You kill the lemure!
That felt strangely unrewarding.
You closely miss the lemure.
You are no longer berserk.
You are exhausted.
You feel yourself slow down. The lemure barely misses you.
You hit the lemure but do no damage. The lemure hits you.
The lemure closely misses you.
You hit the lemure.
The lemure convulses.
The lemure is lightly wounded.
The lemure hits you.
Pikel, Merchant of Souls comes into view.
He is wielding a +1 whip of freezing.
The lemure hits you.
* * * LOW HITPOINT WARNING * * *
You closely miss the lemure.
The lemure is lightly wounded.
The lemure completely misses you.
You feel better. Pikel closely misses you.
You fade into invisibility!
Pikel hits you with a +1 whip of freezing.
Pikel freezes you.
You hit Pikel.
Pikel is lightly wounded.
Pikel hits you with a +1 whip of freezing.
* * * LOW HITPOINT WARNING * * *
Pikel freezes you.
* * * LOW HITPOINT WARNING * * *
Pikel hits you with a +1 whip of freezing!
You die...

############
#_________.#
#_________.#
#_______...###########
##########'##.........
#.?(.')))'.##......#..
##########.##.........
#....@Kg....'.........
#+#####5#####......#..
#.....# #.........
#...5.# ####'#####
###†### #.......#
#..5..# #.......#
#.....# #.......#
####5## #...<...# .g.
#.......#


You could see Pikel (unable to see you), a lemure (unable to see you) and a
goblin (unable to see you).

Vanquished Creatures
  3 lemures (D)
  An orc (D)
  A bat (D)
  A goblin (D)
  2 rats (D)
8 creatures vanquished.

Notes
Turn   | Place    | Note
-------+----------+-------------------------------------------
     0 | D        | rocky1 the Ogre Warper began the quest for the Orb.
     0 | D        | Reached XP level 1. HP: 22/22 MP: 3/3
    21 | D        | Found a bloodstained altar of Trog.
    21 | D        | Found a shimmering blue altar of Sif Muna.
    21 | D        | Found a viscous altar of Jiyva.
    21 | D        | Found a hazy altar of Hepliaklqana.
    21 | D        | Found an opulent altar of Gozag.
    47 | D        | Found a glowing golden altar of the Shining One.
    47 | D        | Found a glowing silver altar of Zin.
    47 | D        | Found a basalt altar of Yredelemnul.
    47 | D        | Found a shimmering altar of Xom.
    47 | D        | Found an ornate altar of the Wu Jian Council.
    47 | D        | Found a sacrificial altar of Ru.
    47 | D        | Found a stormy altar of Qazlal.
    47 | D        | Found an iron altar of Okawaru.
    47 | D        | Found a sparkling altar of Nemelex Xobeh.
    47 | D        | Found a burning altar of Makhleb.
    47 | D        | Found a blossoming altar of Fedhas.
    47 | D        | Found a white marble altar of Elyvilon.
    47 | D        | Found a shadowy altar of Dithmenos.
    47 | D        | Found a snail-covered altar of Cheibriados.
    48 | D        | Found a radiant altar of Vehumet.
    48 | D        | Found a corrupted altar of Lugonu.
    50 | D        | Found an ancient bone altar of Kikubaaqudgha.
    50 | D        | Found a hide-covered altar of Uskayaw.
    50 | D        | Found a broken altar of Ashenzari.
    57 | D        | Became a worshipper of Cheibriados the Contemplative
    77 | D        | Reached * piety under Cheibriados
   195 | D        | Noticed a lemure
   195 | D        | Noticed a lemure
   195 | D        | Noticed a lemure
   195 | D        | Noticed a lemure
   205 | D        | Killed a lemure
   207 | D        | Killed a lemure
   211 | D        | Killed a lemure
   214 | D        | Noticed Pikel
   218 | D        | Mangled by Pikel

Illustrated notes

Levels and vault maps discovered:
D:        pitsprint [storerooms_1, entrance_room_1, metal_vault_6, armoury_2,
          mini_pit_1, grid_room_1, main_hall_1, silver_pit, the_coven_1,
          the_vestibule_1, steel_vault_1, golden_pit, hallway_of_sentries,
          crystal_vault_3, iron_vault_2, final_vault]

Skill      XL: |  1 |
---------------+----+-----
Translocations | 3 |  3.5
Fighting       | 3 |  3.7
Maces & Flails | 2 |  2.0
Throwing       | |  1.0
Dodging        | |  2.2
Spellcasting   | |  2.6
Invocations    | |  0.2

Action                   || total
-------------------------++-------
Melee: Mace              ||    28
  Use: Potion            ||     4
Armor: Robe              ||    15
Dodge: Dodged            ||    24

Table legend: (Time is in decaauts)
 A = Elapsed time spent in this place.
 B = Non-inter-level travel time spent in this place.
 C = Inter-level travel time spent in this place.
 D = Time resting spent in this place.
 E = Time spent auto-exploring this place.
 F = Levels seen in this place.
 G = Mean time per level.
                   A        B        C        D        E       F      G
               +--------+--------+--------+--------+--------+-----+--------+
         Total |    239 |    231 |      8 |    100 |      0 |   1 |  239.0 |
       Dungeon |    239 |    231 |      8 |    100 |      0 |   1 |  239.0 |
               +--------+--------+--------+--------+--------+-----+--------+

Top non-repeatable levels by time:
       D: 239 daAuts
